TOP OF THE 1ST |
Palm Beach Cardinals batting - Pitching for Tampa Yankees : RHP Aneirin Cadwallader
|
Pitching: RHP Aneirin Cadwallader
|
|
Batting: RHB Josh Broome
|
0-0: Ground out 3-1 (Groundball, 34, EV 98.8 MPH)
|
Batting: RHB Immel Kamuzu
|
0-0: Called Strike 0-1: Ball 1-1: Ball 2-1: Swinging Strike 2-2: Ball 3-2: SINGLE (Groundball, 6MD, EV 95.6 MPH)
|
Batting: LHB Billy Guzman
|
0-0: Called Strike 0-1: Ball 1-1: Foul Ball, location: 2F 1-2: Foul Ball, location: 2F 1-2: Grounds into double play, 4-6-3 (Groundball, 4, EV 105.6 MPH)
|
Top of the 1st over - 0 runs, 1 hit, 0 errors, 0 left on base; Palm Beach 0 - Tampa 0 |
BOTTOM OF THE 1ST |
Tampa Yankees batting - Pitching for Palm Beach Cardinals : RHP Keith Anter
|
Pitching: RHP Keith Anter
|
|
Batting: RHB Bobby Melillo
|
0-0: Called Strike 0-1: Ball 1-1: Ground out 5-3 (Groundball, 5L, EV 82.5 MPH)
|
Batting: SHB Edwin Dominguez
|
0-0: Swinging Strike 0-1: Ball 1-1: Ground out 5-3 (Groundball, 56D, EV 105.0 MPH)
|
Batting: RHB James Boynton
|
0-0: Called Strike 0-1: Foul Ball, location: 2F 0-2: Ball 1-2: Foul Ball, location: 2F 1-2: Ball 2-2: SINGLE (Line Drive, 78S, EV 98.8 MPH)
|
Batting: LHB Dan Morris
|
0-0: Ball James Boynton steals 2nd, throwing error, E2 James Boynton to third 1-0: Ground out 5-3 (Groundball, 5S, EV 69.4 MPH)
|
Bottom of the 1st over - 0 runs, 1 hit, 1 error, 1 left on base; Palm Beach 0 - Tampa 0 |
TOP OF THE 2ND |
Palm Beach Cardinals batting - Pitching for Tampa Yankees : RHP Aneirin Cadwallader
|
Batting: RHB John Peterson
|
0-0: Called Strike 0-1: Swinging Strike 0-2: Strikes out swinging
|
Batting: SHB Justin Houser
|
0-0: SINGLE (Flyball, 89S, EV 92.5 MPH)
|
Batting: RHB Tyler Walker
|
0-0: Foul Ball, location: 2F 0-1: Foul Ball, location: 2F 0-2: Ball 1-2: Ball 2-2: Foul Ball, location: 2F 2-2: Fly out, F8 (Line Drive, 8RM, EV 91.2 MPH)
|
Batting: RHB Ben Politi
|
0-0: Called Strike 0-1: Swinging Strike 0-2: Ball 1-2: Ball 2-2: Strikes out swinging
|
Top of the 2nd over - 0 runs, 1 hit, 0 errors, 1 left on base; Palm Beach 0 - Tampa 0 |
BOTTOM OF THE 2ND |
Tampa Yankees batting - Pitching for Palm Beach Cardinals : RHP Keith Anter
|
Batting: SHB Joe Fure
|
0-0: Foul Ball, location: 2F 0-1: Called Strike 0-2: Strikes out swinging
|
Batting: RHB Jose Tovar
|
0-0: Ball 1-0: Foul Ball, location: 2F 1-1: Swinging Strike 1-2: Strikes out swinging
|
Batting: RHB Christian Shearer
|
0-0: Called Strike 0-1: Ball 1-1: Ball 2-1: Called Strike 2-2: Strikes out looking
|
Bottom of the 2nd over - 0 runs, 0 hits, 0 errors, 0 left on base; Palm Beach 0 - Tampa 0 |
TOP OF THE 3RD |
Palm Beach Cardinals batting - Pitching for Tampa Yankees : RHP Aneirin Cadwallader
|
Batting: RHB Edgar Klockow
|
0-0: Called Strike 0-1: Ball 1-1: Foul Ball, location: 2F 1-2: Fly out, F9 (Flyball, 9S, EV 82.5 MPH)
|
Batting: RHB McGwire Jones
|
0-0: Called Strike 0-1: Swinging Strike 0-2: Ball 1-2: Ball 2-2: Strikes out swinging, 2-3 out at first.
|
Batting: RHB Josh Broome
|
0-0: Called Strike 0-1: Called Strike 0-2: Ball 1-2: Strikes out looking
|
Top of the 3rd over - 0 runs, 0 hits, 0 errors, 0 left on base; Palm Beach 0 - Tampa 0 |
BOTTOM OF THE 3RD |
Tampa Yankees batting - Pitching for Palm Beach Cardinals : RHP Keith Anter
|
Batting: RHB Larry Martell
|
0-0: Called Strike 0-1: Foul Ball, location: 2F 0-2: Strikes out swinging
|
Batting: LHB Bart Davies
|
0-0: Foul Ball, location: 2F 0-1: Foul Ball, location: 2F 0-2: Ground out 4-3 (Groundball, 4, EV 103.1 MPH)
|
Batting: RHB Bobby Melillo
|
0-0: Called Strike 0-1: Foul Ball, location: 2F 0-2: Ball 1-2: Ball 2-2: Ball 3-2: Strikes out looking
|
Bottom of the 3rd over - 0 runs, 0 hits, 0 errors, 0 left on base; Palm Beach 0 - Tampa 0 |
TOP OF THE 4TH |
Palm Beach Cardinals batting - Pitching for Tampa Yankees : RHP Aneirin Cadwallader
|
Batting: RHB Immel Kamuzu
|
0-0: Called Strike 0-1: Ball 1-1: Called Strike 1-2: Foul Ball, location: 2F 1-2: Ball 2-2: Foul Ball, location: 2F 2-2: SINGLE (Groundball, 6MD, EV 103.1 MPH)
|
Batting: LHB Billy Guzman
|
0-0: Ball 1-0: Ball 2-0: Ball 3-0: Called Strike 3-1: Base on Balls Immel Kamuzu to second
|
Batting: RHB John Peterson
|
0-0: Ball 1-0: Foul Ball, location: 2F 1-1: Called Strike 1-2: Ball 2-2: Ball 3-2: SINGLE (Groundball, 6D, EV 105.0 MPH) Immel Kamuzu to third Billy Guzman to second
|
Batting: SHB Justin Houser
|
0-0: Ball 1-0: Foul Ball, location: 2F 1-1: Called Strike 1-2: Foul Ball, location: 2F 1-2: Strikes out swinging
|
Batting: RHB Tyler Walker
|
0-0: Called Strike 0-1: Ball 1-1: Foul Ball, location: 2F 1-2: GRAND SLAM HOME RUN (Flyball, 78XD, EV 115.0 MPH), Distance : 467 ft
|
Batting: RHB Ben Politi
|
0-0: Swinging Strike 0-1: Ball 1-1: Foul Ball, location: 2F 1-2: Ground out 6-3 (Groundball, 6, EV 104.4 MPH)
|
Batting: RHB Edgar Klockow
|
0-0: Ball 1-0: Called Strike 1-1: Ball 2-1: Ball 3-1: Foul Ball, location: 2F 3-2: SINGLE (Flyball, 7LS, EV 100.6 MPH)
|
Batting: RHB McGwire Jones
|
0-0: Ball 1-0: Called Strike 1-1: Foul Ball, location: 2F 1-2: Foul Ball, location: 2F 1-2: Foul Ball, location: 2F 1-2: Ball 2-2: Strikes out swinging
|
Top of the 4th over - 4 runs, 4 hits, 0 errors, 1 left on base; Palm Beach 4 - Tampa 0 |
BOTTOM OF THE 4TH |
Tampa Yankees batting - Pitching for Palm Beach Cardinals : RHP Keith Anter
|
Batting: SHB Edwin Dominguez
|
0-0: Foul Ball, location: 2F 0-1: Swinging Strike 0-2: Strikes out swinging
|
Batting: RHB James Boynton
|
0-0: Swinging Strike 0-1: Ball 1-1: Called Strike 1-2: Ball 2-2: Ball 3-2: Fly out, F8 (Flyball, 8LS, EV 85.6 MPH)
|
Batting: LHB Dan Morris
|
0-0: Fly out, F7 (Flyball, 7S, EV 78.8 MPH)
|
Bottom of the 4th over - 0 runs, 0 hits, 0 errors, 0 left on base; Palm Beach 4 - Tampa 0 |
TOP OF THE 5TH |
Palm Beach Cardinals batting - Pitching for Tampa Yankees : RHP Aneirin Cadwallader
|
Pitching: RHP Eddie Aguilar
|
|
Batting: RHB Josh Broome
|
0-0: Ball 1-0: Ball 2-0: Foul Ball, location: 2F 2-1: Ground out 4-3 (Groundball, 4, EV 82.5 MPH)
|
Batting: RHB Immel Kamuzu
|
0-0: Ball 1-0: Ball 2-0: Foul Ball, location: 2F 2-1: Foul Ball, location: 2F 2-2: Ball 3-2: Base on Balls
|
Batting: LHB Billy Guzman
|
0-0: Ball 1-0: Ball 2-0: Ball 3-0: Called Strike 3-1: Foul Ball, location: 2F 3-2: Base on Balls Immel Kamuzu to second
|
Batting: RHB John Peterson
|
0-0: Called Strike 0-1: Foul Ball, location: 2F 0-2: Ball 1-2: Ball 2-2: Foul Ball, location: 2F 2-2: Ball 3-2: Foul Ball, location: 2F 3-2: Foul Ball, location: 2F 3-2: Foul Ball, location: 2F 3-2: SINGLE (Groundball, 56D, EV 100.6 MPH) (infield hit) Immel Kamuzu to third Billy Guzman to second
|
Batting: SHB Justin Houser
|
0-0: DOUBLE (Line Drive, 89D, EV 104.4 MPH) Immel Kamuzu scores Billy Guzman scores John Peterson to third Runner from 3rd tries for Home, SAFE, throw by CF to home
|
Batting: RHB Tyler Walker
|
0-0: Ball 1-0: Swinging Strike 1-1: Ball 2-1: Ball 3-1: Base on Balls
|
Batting: RHB Ben Politi
|
0-0: Grounds into double play, 5-4-3 (Groundball, 56, EV 81.2 MPH)
|
Top of the 5th over - 3 runs, 2 hits, 0 errors, 1 left on base; Palm Beach 7 - Tampa 0 |
BOTTOM OF THE 5TH |
Tampa Yankees batting - Pitching for Palm Beach Cardinals : RHP Keith Anter
|
Batting: SHB Joe Fure
|
0-0: Foul Ball, location: 2F 0-1: Ball 1-1: Foul Ball, location: 2F 1-2: Foul Ball, location: 2F 1-2: Ground out 6-3 (Groundball, 56, EV 111.2 MPH)
|
Batting: RHB Jose Tovar
|
0-0: Ball 1-0: Swinging Strike 1-1: Ball 2-1: Swinging Strike 2-2: Ball 3-2: Strikes out looking
|
Batting: RHB Christian Shearer
|
0-0: Ball 1-0: Fly out, F9 (Flyball, 9S, EV 87.5 MPH)
|
Bottom of the 5th over - 0 runs, 0 hits, 0 errors, 0 left on base; Palm Beach 7 - Tampa 0 |
TOP OF THE 6TH |
Palm Beach Cardinals batting - Pitching for Tampa Yankees : RHP Eddie Aguilar
|
Batting: RHB Edgar Klockow
|
0-0: Ball 1-0: Ball 2-0: Ball 3-0: Swinging Strike 3-1: Foul Ball, location: 2F 3-2: Strikes out swinging
|
Batting: RHB McGwire Jones
|
0-0: Fly out, F9 (Flyball, 9, EV 83.1 MPH)
|
Batting: RHB Josh Broome
|
0-0: Ball 1-0: DOUBLE (Line Drive, 89D, EV 103.8 MPH)
|
Batting: RHB Immel Kamuzu
|
0-0: Ball 1-0: Ball 2-0: Ball 3-0: Called Strike 3-1: Fly out, F6 (Flyball, 6MD, EV 91.9 MPH)
|
Top of the 6th over - 0 runs, 1 hit, 0 errors, 1 left on base; Palm Beach 7 - Tampa 0 |
BOTTOM OF THE 6TH |
Tampa Yankees batting - Pitching for Palm Beach Cardinals : RHP Keith Anter
|
Batting: RHB Larry Martell
|
0-0: Ball 1-0: Foul Ball, location: 2F 1-1: Foul Ball, location: 2F 1-2: Foul Ball, location: 2F 1-2: Strikes out swinging
|
Batting: LHB Bart Davies
|
0-0: Ball 1-0: Ball 2-0: Called Strike 2-1: Ground out 5-3 (Groundball, 56S, EV 66.2 MPH)
|
Batting: RHB Bobby Melillo
|
0-0: Ball 1-0: Called Strike 1-1: Foul Ball, location: 2F 1-2: Strikes out looking
|
Bottom of the 6th over - 0 runs, 0 hits, 0 errors, 0 left on base; Palm Beach 7 - Tampa 0 |
TOP OF THE 7TH |
Palm Beach Cardinals batting - Pitching for Tampa Yankees : RHP Eddie Aguilar
|
Pitching: RHP Jimmy Wilder
|
|
Batting: LHB Billy Guzman
|
0-0: Foul Ball, location: 2F 0-1: Ball 1-1: DOUBLE (Groundball, 5L, EV 107.5 MPH)
|
Batting: RHB John Peterson
|
0-0: Ball 1-0: Ball 2-0: Called Strike 2-1: Fly out, F8 (Flyball, 8LM, EV 96.9 MPH)
|
Batting: SHB Justin Houser
|
0-0: Called Strike 0-1: Foul Ball, location: 2F 0-2: Ball 1-2: Strikes out looking
|
Batting: RHB Tyler Walker
|
0-0: Ball 1-0: Ball 2-0: Called Strike 2-1: Ball 3-1: Foul Ball, location: 2F 3-2: Foul Ball, location: 2F 3-2: Foul Ball, location: 2F 3-2: Foul Ball, location: 2F 3-2: Base on Balls
|
Batting: RHB Ben Politi
|
0-0: Called Strike 0-1: Ball 1-1: Foul Ball, location: 2F 1-2: Ball 2-2: Ball 3-2: Base on Balls Billy Guzman to third Tyler Walker to second
|
Batting: RHB Edgar Klockow
|
0-0: Ball 1-0: Swinging Strike 1-1: Foul Ball, location: 2F 1-2: Ball 2-2: Strikes out swinging
|
Top of the 7th over - 0 runs, 1 hit, 0 errors, 3 left on base; Palm Beach 7 - Tampa 0 |
BOTTOM OF THE 7TH |
Tampa Yankees batting - Pitching for Palm Beach Cardinals : RHP Keith Anter
|
Batting: SHB Edwin Dominguez
|
0-0: Fly out, F8 (Flyball, 8LD, EV 94.4 MPH)
|
Pinch Hitting: RHB John Sprenkel
|
0-0: Ground out 5-3 (Groundball, 56, EV 83.1 MPH)
|
Batting: LHB Dan Morris
|
0-0: Ball 1-0: DOUBLE (Line Drive, 89D, EV 105.6 MPH)
|
Batting: SHB Joe Fure
|
0-0: Ball 1-0: Ball 2-0: Called Strike 2-1: Called Strike 2-2: Strikes out swinging
|
Bottom of the 7th over - 0 runs, 1 hit, 0 errors, 1 left on base; Palm Beach 7 - Tampa 0 |
TOP OF THE 8TH |
Palm Beach Cardinals batting - Pitching for Tampa Yankees : RHP Jimmy Wilder
|
Pitching: RHP Travis Tate
|
|
Now at 1B: John Sabean
|
|
Batting: RHB Jose Jimenez
|
0-0: Called Strike 0-1: Ground out 6-3 (Groundball, 6, EV 86.2 MPH)
|
Batting: RHB Josh Broome
|
0-0: Ball 1-0: Called Strike 1-1: Called Strike 1-2: Strikes out swinging
|
Batting: RHB Immel Kamuzu
|
0-0: SINGLE (Groundball, 6D, EV 100.0 MPH)
|
Batting: LHB Billy Guzman
|
0-0: Ball 1-0: Ball 2-0: Foul Ball, location: 2F 2-1: Fly out, F9 (Flyball, 89S, EV 92.5 MPH)
|
Top of the 8th over - 0 runs, 1 hit, 0 errors, 1 left on base; Palm Beach 7 - Tampa 0 |
BOTTOM OF THE 8TH |
Tampa Yankees batting - Pitching for Palm Beach Cardinals : RHP Keith Anter
|
Pitching: RHP Danny Cook
|
|
Batting: RHB Jose Tovar
|
0-0: Called Strike 0-1: Called Strike 0-2: Strikes out swinging
|
Batting: RHB Christian Shearer
|
0-0: Ball 1-0: Called Strike 1-1: Foul Ball, location: 2F 1-2: Ground out 6-3 (Groundball, 6, EV 104.4 MPH)
|
Batting: RHB Larry Martell
|
0-0: Ball 1-0: Called Strike 1-1: Ball 2-1: Called Strike 2-2: Ball 3-2: Foul Ball, location: 2F 3-2: Foul Ball, location: 2F 3-2: Foul Ball, location: 2F 3-2: Strikes out swinging
|
Bottom of the 8th over - 0 runs, 0 hits, 0 errors, 0 left on base; Palm Beach 7 - Tampa 0 |
TOP OF THE 9TH |
Palm Beach Cardinals batting - Pitching for Tampa Yankees : RHP Travis Tate
|
Batting: RHB John Peterson
|
0-0: Called Strike 0-1: Ground out 6-3 (Groundball, 6, EV 80.0 MPH)
|
Batting: SHB Justin Houser
|
0-0: Ball 1-0: SINGLE (Groundball, 34, EV 97.5 MPH)
|
Batting: RHB Tyler Walker
|
0-0: Foul Ball, location: 2F 0-1: Ball 1-1: Swinging Strike 1-2: Strikes out swinging
|
Batting: RHB Ben Politi
|
0-0: Ball 1-0: Ball 2-0: Foul Ball, location: 2F 2-1: Swinging Strike 2-2: Strikes out swinging
|
Top of the 9th over - 0 runs, 1 hit, 0 errors, 1 left on base; Palm Beach 7 - Tampa 0 |
BOTTOM OF THE 9TH |
Tampa Yankees batting - Pitching for Palm Beach Cardinals : RHP Danny Cook
|
Batting: LHB Bart Davies
|
0-0: Ball 1-0: Foul Ball, location: 2F 1-1: Ball 2-1: Swinging Strike 2-2: Ball 3-2: Strikes out swinging
|
Batting: RHB Bobby Melillo
|
0-0: Ball 1-0: Ball 2-0: Ball 3-0: Called Strike 3-1: Base on Balls
|
Batting: SHB Edwin Dominguez
|
0-0: Foul Ball, location: 2F 0-1: Swinging Strike 0-2: Fielders Choice at 2nd, 2-4 (Groundball, 15S, EV 65.6 MPH)
|
Batting: RHB John Sabean
|
0-0: Foul Ball, location: 2F 0-1: SINGLE (Line Drive, 7S, EV 96.9 MPH) Edwin Dominguez to second
|
Batting: LHB Dan Morris
|
0-0: Ball 1-0: SINGLE (Flyball, 4MD, EV 87.5 MPH) Edwin Dominguez to third John Sabean to second
|
Batting: SHB Joe Fure
|
0-0: Ball 1-0: Foul Ball, location: 2F 1-1: Ball 2-1: Ball 3-1: Called Strike 3-2: Fly out, F7 (Flyball, 78M, EV 81.9 MPH)
|
Bottom of the 9th over - 0 runs, 2 hits, 0 errors, 3 left on base; Palm Beach 7 - Tampa 0 |
|